 Dungeon Crawl Stone Soup version 0.21-a0-552-g593960d (webtiles) character file.

239 vishdafish the Insei (level 6, 0/41 HPs)
             Began as an Octopode Transmuter on Dec 17, 2017.
             Slain by an ooze (4 damage)
             ... in a sewer.
             The game lasted 00:13:05 (4568 turns).

vishdafish the Insei (Octopode Transmuter)          Turns: 4568, Time: 00:13:06

Health: 0/41       AC:  1    Str:  7 (10) XL:     6   Next: 7%
Magic:  10/10      EV: 14    Int: 15 (17) God:
Gold:   139        SH:  0    Dex: 11 (12) Spells: 10/11 levels left

rFire    . . .     SeeInvis .     - Unarmed
rCold    . . .     Gourm    .   (no shield)
rNeg     . . .     Faith    .   (helmet restricted)
rPois    .         Spirit   .   t - amulet of magic regeneration
rElec    .         Reflect  .   (no ring)
rCorr    .         Harm     .   (no ring)
MR       .....                  (no ring)
Stlth    ++........             (no ring)
HPRegen  0.13/turn              (no ring)
MPRegen  0.37/turn              (no ring)
                                (no ring)
                                (no ring)

@: flying, very slightly contaminated, invisible
A: almost no armour, stealthy swim, amphibious, 8 rings, constrict 8, camouflage
1, gelatinous body 1
a: no special abilities


You were in a sewer.
You were very hungry.

You visited 1 branch of the dungeon, and saw 3 of its levels.
You also visited: Sewer.

You collected 139 gold pieces.

Inventory:

Missiles
 a - 24 arrows
Jewellery
 d - an uncursed amulet of the gourmand
 n - an uncursed amulet of faith
 t - an amulet of magic regeneration (around mantle)
Scrolls
 g - a scroll of enchant weapon
 m - a scroll of magic mapping {unknown}
 r - a scroll of teleportation {unknown}
Potions
 j - a potion of mutation {unknown}
 l - a potion of flight
 o - a potion of brilliance {unknown}
 q - a potion of curing {unknown}
 s - 2 potions of degeneration
Books
 b - a book of Changes

   Spells                             Type                      Level
   a - Beastly Appendage              Transmutation                1
   b - Sticks to Snakes               Transmutation                2
   c - Spider Form                    Transmutation/Poison         3
   d - Ice Form                       Ice/Transmutation            4
   e - Blade Hands                    Transmutation                5
Comestibles
 c - a bread ration
 h - a meat ration


   Skills:
 + Level 2.7 Fighting
 + Level 3.1 Dodging
 + Level 4.0 Unarmed Combat
 + Level 3.0 Spellcasting
 + Level 3.1 Transmutations


You had 10 spell levels left.
You knew the following spells:

 Your Spells              Type           Power        Failure   Level  Hunger
a - Beastly Appendage     Tmut           ##....       5%          1    #......


Dungeon Overview and Level Annotations

Branches:
Dungeon (3/15)

Altars:

Annotations:
D:2 Robin


Innate Abilities, Weirdness & Mutations

You cannot wear most types of armour.
You are very stealthy in the water. (Stealth+)
You are amphibious.
You can wear up to eight rings at the same time.
You can use your tentacles to constrict eight enemies at once.
Your skin changes colour to match your surroundings (Stealth+).
Your rubbery body absorbs attacks. (AC +1, EV +1)


Message History

The ooze is severely wounded.
The ball python closely misses you. The ooze hits you. x2
You barely miss the ball python. You grab the ball python.
You squeeze the ball python.
You kill the ball python!
You feel your dexterity returning. The ooze hits you.
* * * LOW HITPOINT WARNING * * *
The ooze hits you.
* * * LOW HITPOINT WARNING * * *
It was a potion of flight.
You feel very buoyant.
You fly up into the air.
The leopard gecko completely misses you.
The ooze barely misses you. The ooze hits you.
* * * LOW HITPOINT WARNING * * *
It was a potion of magic.
Magic courses through your body. The leopard gecko barely misses you.
The ooze closely misses you. The ooze hits you.
You die...

#### ###.∩.###
###≈.≈.≈≈≈##
##≈≈≈≈.≈≈≈≈J.
##.J≈.≈≈.≈J.≈≈
##≈JlJ≈#####≈s≈
#≈≈≈@### S
#≈≈≈## ##≈≈##
#≈≈≈# #≈.##
##≈≈# ####
#≈≈≈# #≈≈≈
#.≈## #≈.≈ #≈≈#
#≈≈≈


You could see 3 oozes and a leopard gecko.

Vanquished Creatures
  8 adders
  8 oozes
  5 dart slugs
  7 leopard geckos
  6 orcs (D:3)
  8 ball pythons (Sewer)
  14 giant cockroaches
  10 hobgoblins
  8 kobolds
  5 bats
  6 frilled lizards
  16 goblins
  8 rats
109 creatures vanquished.

Notes
Turn   | Place    | Note
-------+----------+-------------------------------------------
     0 | D:1      | vishdafish the Octopode Transmuter began the quest for the Orb.
     0 | D:1      | Reached XP level 1. HP: 13/13 MP: 3/3
   491 | D:1      | Reached XP level 2. HP: 18/18 MP: 5/5
   850 | D:1      | Reached XP level 3. HP: 23/23 MP: 6/6
  1119 | D:2      | Noticed Robin
  2491 | D:2      | Reached XP level 4. HP: 23/29 MP: 7/7
  3420 | D:3      | Reached XP level 5. HP: 28/34 MP: 8/8
  3718 | D:3      | Found a glowing drain.
  3755 | Sewer    | Entered a sewer
  4378 | Sewer    | Reached skill level 4 in Unarmed Combat
  4385 | Sewer    | Reached XP level 6. HP: 35/41 MP: 10/10
  4568 | Sewer    | Slain by an ooze

Vault maps used:
D:1:      tarquinn_simple_flora_water_f
D:2:      minmay_door_path, st_stairs_8, kennysheep_generic_room_7, uniq_robin
D:3:      vehumet_crystals, gup_sewer_entry_glass
Sewer:    sewer_frog_island_02

Skill      XL: |  1  2  3  4  5 |
---------------+----------------+-----
Fighting       | 2 |  2.7
Dodging        | 3 |  3.1
Transmutations | 3 |  3.1
Spellcasting   | 3 |  3.0
Unarmed Combat | 4 |  4.0

Action                   |  1- 3 |  4- 6 || total
-------------------------+-------+-------++-------
Melee: Unarmed           |    90 |   180 ||   270
       Constrict         |    24 |    40 ||    64
       Tentacles         |    15 |    30 ||    45
       Punch             |     2 |     4 ||     6
       Kick              |       |     4 ||     4
 Cast: Beastly Appendage |       |     2 ||     2
  Use: Potion            |       |     7 ||     7
       Scroll            |       |     3 ||     3
 Stab: Sleeping          |    11 |     4 ||    15
       Invisible         |       |     4 ||     4
  Eat: Chunk             |     1 |     5 ||     6
       Bread ration      |     1 |       ||     1
Armor: Skin              |     5 |    15 ||    20
Dodge: Dodged            |    63 |   112 ||   175

Table legend:
 A = Spawn XP
 B = Non-spawn XP
 C = Spawn XP percentage of total XP
 D = Spawn monster count
 E = Non-spawn monster count
 F = Spawn count percentage of total count
 G = Total turns spent on level
                    A         B        C        D         E        F      G
               +---------+---------+-------+---------+---------+-------+---------
         Total |       0 |     342 |   0.0 |       0 |     109 |   0.0 |  4568
               +---------+---------+-------+---------+---------+-------+---------
           D:1 |       0 |      69 |   0.0 |       0 |      31 |   0.0 |  2278
           D:2 |       0 |      72 |   0.0 |       0 |      23 |   0.0 |  1056
           D:3 |       0 |      81 |   0.0 |       0 |      27 |   0.0 |   421
         Sewer |       0 |     120 |   0.0 |       0 |      28 |   0.0 |   813
               +---------+---------+-------+---------+---------+-------+---------
